 Dungeon Crawl Stone Soup version 0.31-a0-162-gc4c5a43528 (webtiles) character file.

Game seed: 7669705926275329443

565 qw the Chopper (level 7, 0/43 HPs)
             Began as a Gargoyle Fighter on June 12, 2023.
             Was an Initiate of Okawaru.
             Slain by a gnoll
             ... wielding a +0 flail
              (6 damage)
             ... on level 5 of the Dungeon.
             The game lasted 00:02:15 (4461 turns).

qw the Chopper (Gargoyle Fighter)                   Turns: 4461, Time: 00:02:15

Health: 0/43       AC: 20    Str: 21    XL:     7   Next: 32%
Magic:  7/7        EV:  8    Int:  9    God:    Okawaru [......]
Gold:   219        SH:  4    Dex:  9    Spells: 6/6 levels left

rFire   + . .        Y - +1 war axe
rCold   . . .        c - +0 buckler
rNeg    + . .        h - +0 chain mail
rPois   inf          o - +1 helmet
rElec   +            (no cloak)
rCorr   .            (no gloves)
SInv    .            (no boots)
Will    .....        (no amulet) Stlth
                     f - ring of protection from fire
HPRegen 0.27/turn    b - +4 ring of protection
MPRegen 0.10/turn

%: no passive effects
@: no status effects
A: sickness immunity, AC +4, negative energy resistance 1, electricity
resistance, torment resistance 1, petrification resistance
a: Renounce Religion


You were on level 5 of the Dungeon.
You worshipped Okawaru.
Okawaru was noncommittal.
You visited 1 branch of the dungeon, and saw 5 of its levels.

You collected 264 gold pieces.
You spent 45 gold pieces at shops.


Innate Abilities, Weirdness & Mutations

You are immune to sickness and miasma.
Your stone body is resilient. (AC +4)
You are immune to poison.
You resist negative energy. (rN+)
You are resistant to electric shocks. (rElec)
You are resistant to unholy torment.
You are immune to petrification.


   Skills:
 - Level 4.0 Fighting
 - Level 6.5 Axes
 + Level 1.0 Throwing
 - Level 3.2 Armour
 - Level 1.2 Dodging
 - Level 3.2 Shields


You had 6 spell levels left.
You didn't know any spells.
Your spell library was empty.

Inventory:

Hand Weapons
 g - a +0 flail
 Y - a +1 war axe (weapon)
Missiles
 j - 4 silver javelins (quivered)
 m - 3 javelins
Armour
 c - a +0 buckler (worn)
 h - a +0 chain mail (worn)
 i - +0 shadow dragon scales
 o - a +1 helmet (worn)
Jewellery
 b - a +4 ring of protection (right hand)
 f - a ring of protection from fire (left hand)
Scrolls
 a - a scroll of identify
 k - a scroll of teleportation
Potions
 d - 3 potions of might
 e - 3 potions of curing
 l - a potion of attraction
 n - a potion of invisibility {unknown}

Dungeon Overview and Level Annotations

Branches:
Dungeon (5/15)             Temple (0/1) D:5

Altars:
Okawaru
Ru
Xom

Shops:
D:5 (


Message History

Enter note:
Enter note:
Enter note:
Enter note: 2 gnolls come into view.
The gnoll shouts! x2
The gnoll moves out of view.
A gnoll comes into view.
It is wielding a +0 spear of distortion.
Enter note:
Enter note:
Enter note:
Enter note: The gnoll shouts!
The gnoll throws a throwing net.
The throwing net barely misses you.
You see here a throwing net.
Enter note:
Enter note:
Enter note:
Enter note:
Enter note:
Enter note:
Enter note:
Enter note: The gnoll hits you from afar with a +0 spear.
Enter note:
Enter note:
Enter note:
Enter note: The gnoll hits you from afar with a +0 spear of distortion.
Space warps horribly around you! The gnoll hits you but does no damage.
Enter note:
Enter note:
Enter note:
Enter note: You hit the gnoll.
The gnoll is lightly wounded.
You barely miss the gnoll. The gnoll hits you but does no damage.
Space warps horribly around you! The gnoll hits you with a +0 flail.
You die...

##.......# ##.###.#.#
#.#.# ##.#
#.#.###.#..### ##.#
#....#........ ##.#
#.#.#.#.#....###
##.###..............#
.......#.#.#...../..##
..^..............g...#.#
##..............@g....#
..................g.###
##.......##.#.......#
###.#.####.#.(.....#
#.#.# #.#.####..# #.#.#
#.#.####..# #%#.#
##.#.......#
#.#.###..#.####.##
#.<#.##.##.#


You could see 3 gnolls.

Vanquished Creatures
  2 ogres
  A howler monkey (D:4)
  A sleepcap (D:5)
  3 iguanas
  Natasha (thrice) (D:3)
  A hound zombie (D:3)
  4 adders
  A gnoll (D:4)
  A white imp (D:5)
  An ufetubus (D:4)
  2 adder zombies (D:3)
  An adder skeleton (D:3)
  3 worms
  4 dart slugs
  10 endoplasms
  6 giant cockroaches
  13 goblins
  11 hobgoblins
  2 jackals (D:3)
  A quokka (D:4)
  7 ball pythons
  A ball python zombie (D:3)
  3 bats
  3 frilled lizards
  A giant cockroach zombie (D:3)
  3 kobolds
  6 rats
95 creatures vanquished.

Notes
Turn   | Place    | Note
-------+----------+-------------------------------------------
     0 | D:1      | qw the Gargoyle Fighter began the quest for the Orb.
     0 | D:1      | Reached XP level 1. HP: 14/14 MP: 1/1
     0 | D:1      | 0 ||| qw: Version: 0.2-a-29-gc1b59c4
     0 | D:1      | 0 ||| qw: Game counter: 4345
     0 | D:1      | 0 ||| qw: Always use a shield: true
     0 | D:1      | 0 ||| qw: God list: Okawaru
     0 | D:1      | 0 ||| qw: Allow faded altars: false
     0 | D:1      | 0 ||| qw: Do Orc after D:15 true
     0 | D:1      | 0 ||| qw: Do second Lair branch before Depths: true
     0 | D:1      | 0 ||| qw: Lair rune preference: random
     0 | D:1      | 0 ||| qw: Plans: Normal, Zot:1-4, Slime:5, God:TSO, Crypt,
                  | Tomb, Abyss, Pan, Hells, Win
     0 | D:1      | 0 ||| PLANNING D:1-11
   120 | D:1      | Reached skill level 2 in Axes
   361 | D:1      | Reached XP level 2. HP: 19/19 MP: 2/2
   440 | D:1      | 440 ||| Stepping ~*~*~tactically~*~*~ (hiding).
   666 | D:1      | 666 ||| DROPPING +0 club.
   717 | D:1      | Reached skill level 3 in Axes
   727 | D:1      | Reached XP level 3. HP: 22/23 MP: 3/3
   811 | D:1      | Found a faded altar of an unknown god.
   879 | D:1      | 879 ||| READING scroll labelled SIEXZOOMAO.
   880 | D:1      | 880 ||| READING scroll labelled MONEIH QOCOD.
   881 | D:1      | 881 ||| DRINKING 2 purple potions.
  1262 | D:2      | 1262 ||| Stepping ~*~*~tactically~*~*~ (stealth).
  1322 | D:2      | Reached XP level 4. HP: 24/28 MP: 4/4
  1560 | D:2      | 1560 ||| UPGRADING to +0 chain mail.
  1570 | D:2      | 1570 ||| DROPPING +0 scale mail.
  1571 | D:2      | 1571 ||| UPGRADING to ring of protection from fire.
  1572 | D:2      | 1572 ||| DROPPING +6 ring of intelligence.
  1573 | D:2      | 1573 ||| READING scroll labelled JUISSEAHUA.
  1574 | D:2      | 1574 ||| READING 2 scrolls labelled ZAMELY ZOTI.
  1601 | D:3      | 1601 ||| FLEEEEING.
  1606 | D:3      | Reached skill level 4 in Axes
  1630 | D:3      | Noticed Natasha
  1631 | D:3      | 1631 ||| Stepping ~*~*~tactically~*~*~ (hiding).
  1642 | D:3      | Killed Natasha
  1704 | D:3      | Noticed Natasha
  1709 | D:3      | Reached XP level 5. HP: 29/32 MP: 5/5
  1729 | D:3      | Killed Natasha
  1771 | D:3      | Identified the +4 dagger of the Ten Princes {pain, Fly rC-
                  | rN+}
  1791 | D:3      | Found a sacrificial altar of Ru.
  1862 | D:3      | 1862 ||| Stepping ~*~*~tactically~*~*~ (stealth).
  1891 | D:3      | Reached skill level 5 in Axes
  2007 | D:3      | 2007 ||| Stepping ~*~*~tactically~*~*~ (stealth).
  2010 | D:3      | 2010 ||| Stepping ~*~*~tactically~*~*~ (stealth).
  2174 | D:3      | Noticed Natasha
  2180 | D:3      | Killed Natasha
  2648 | D:3      | 2648 ||| UPGRADING to +4 ring of protection.
  2649 | D:3      | 2649 ||| READING 2 scrolls of identify.
  2649 | D:3      | 2649 ||| IDENTIFYING green potion
  2650 | D:3      | 2650 ||| DROPPING potion of enlightenment.
  2788 | D:4      | Reached XP level 6. HP: 38/38 MP: 6/6
  2896 | D:4      | HP: 9/38 [ogre/+0 giant club (12)]
  2897 | D:4      | 2897 ||| READING scroll of teleportation.
  3036 | D:4      | 3036 ||| FLEEEEING.
  3037 | D:4      | 3037 ||| FLEEEEING.
  3038 | D:4      | 3038 ||| FLEEEEING.
  3039 | D:4      | 3039 ||| FLEEEEING.
  3040 | D:4      | 3040 ||| FLEEEEING.
  3041 | D:4      | 3041 ||| FLEEEEING.
  3042 | D:4      | 3042 ||| FLEEEEING.
  3045 | D:4      | 3045 ||| FLEEEEING.
  3046 | D:4      | 3046 ||| FLEEEEING.
  3047 | D:4      | 3047 ||| FLEEEEING.
  3048 | D:4      | 3048 ||| FLEEEEING.
  3053 | D:4      | 3053 ||| FLEEEEING.
  3054 | D:4      | 3054 ||| FLEEEEING.
  3083 | D:4      | 3083 ||| Stepping ~*~*~tactically~*~*~ (stealth).
  3089 | D:4      | 3089 ||| Stepping ~*~*~tactically~*~*~ (stealth).
  3091 | D:4      | 3091 ||| Stepping ~*~*~tactically~*~*~ (hiding).
  3152 | D:4      | Reached skill level 6 in Axes
  3976 | D:4      | 3976 ||| UPGRADING to +0 helmet.
  3981 | D:4      | 3981 ||| READING scroll labelled OMEPHU LUETS.
  4009 | D:4      | 4009 ||| READING scroll labelled AGEN TICEHO IVVA.
  4010 | D:4      | 4010 ||| READING scroll labelled RID WULYANEYD.
  4011 | D:4      | 4011 ||| READING scroll labelled FIMEFE RAWNUCS.
  4012 | D:4      | 4012 ||| READING 3 scrolls of identify.
  4012 | D:4      | 4012 ||| IDENTIFYING dark potion
  4013 | D:4      | 4013 ||| READING 2 scrolls of identify.
  4013 | D:4      | 4013 ||| IDENTIFYING fuming clear potion
  4014 | D:4      | 4014 ||| DROPPING potion of brilliance.
  4028 | D:5      | Entered Level 5 of the Dungeon
  4084 | D:5      | Found Cevvynio's Weapon Boutique.
  4089 | D:5      | 4089 ||| BUYING +0 flail (45 gold).
  4089 | D:5      | Bought a +0 flail for 45 gold pieces
  4089 | D:5      | 4089 ||| DROPPING +0 mace.
  4099 | D:5      | Found a shimmering altar of Xom.
  4100 | D:5      | 4100 ||| Stepping ~*~*~tactically~*~*~ (hiding).
  4109 | D:5      | Reached skill level 1 in Throwing
  4118 | D:5      | Reached skill level 1 in Dodging
  4118 | D:5      | Reached XP level 7. HP: 33/43 MP: 7/7
  4327 | D:5      | Found an iron altar of Okawaru.
  4328 | D:5      | 4328 ||| PLANNING OKAWARU WORSHIP
  4328 | D:5      | 4328 ||| READING scroll labelled TAZOEZ ZUKA.
  4336 | D:5      | Became a worshipper of Warmaster Okawaru
  4336 | D:5      | 4336 ||| PLANNING D:1-11
  4408 | D:5      | 4408 ||| READING scroll of enchant armour.
  4408 | D:5      | 4408 ||| ENCHANTING +0 helmet.
  4416 | D:5      | Found a staircase to the Ecumenical Temple.
  4461 | D:5      | HP: 6/43 [gnoll/+0 spear of distortion (17)]
  4461 | D:5      | Slain by a gnoll

Levels and vault maps discovered:
D:1:      dpeg_arrival_round_b, layout_loops_corners,
          dreamdust_ecumenical_altar_sealed_demon, serial_bayou_pond_d,
          amcnicky_mini_corridor_feature
D:2:      layout_basic, minmay_goblin_kobold_house
D:3:      layout_loops_ring, overflow_temple_1_default, kennysheep_flooded_box,
          dilly_guarded_unrand_morg
D:4:      layout_layer_cave, kennysheep_small_square
D:5:      layout_loops_ring, okawaru_metal_pillars_1_2, old_standard_altar,
          minmay_temple_entry_offerings, serial_shops,
          nicolae_shop_bloodbath_and_beyond, water_boxes_lemuel

Skill      XL: |  1  2  3  4  5  6 |
---------------+-------------------+-----
Axes           | 2 3 4 5 6 |  6.5
Fighting       | 4 |  4.0
Throwing       | 1 |  1.0
Dodging        | 1 |  1.2
Armour         | |  3.2
Shields        | |  3.2

Action                     |  1- 3 |  4- 6 |  7- 9 || total
---------------------------+-------+-------+-------++-------
  Melee: War axe           |    93 |   194 |    12 ||   299
  Throw: Javelin           |       |    15 |     8 ||    23
    Use: Scroll            |     2 |    10 |     2 ||    14
         Potion            |     1 |       |       ||     1
 Armour: Scale mail        |    41 |     8 |       ||    49
         Chain mail        |       |   108 |     5 ||   113
  Dodge: Dodged            |    44 |    70 |     5 ||   119
  Block: Buckler           |    16 |    40 |     2 ||    58

Table legend:
 A = Non-vault XP
 B = Vault XP
 C = Vault XP percentage of total XP
 D = Non-vault monster count
 E = Vault monster count
 F = Vault count percentage of total count
                 A         B        C        D         E       F
            +---------+---------+-------+---------+---------+-------
      Total |     714 |      94 |  11.6 |      84 |      11 |  11.6
            +---------+---------+-------+---------+---------+-------
        D:1 |      34 |       0 |   0.0 |      19 |       0 |   0.0
        D:2 |      56 |       2 |   3.4 |      23 |       1 |   4.2
        D:3 |     149 |      74 |  33.2 |      19 |       7 |  26.9
        D:4 |     211 |      18 |   7.9 |      16 |       3 |  15.8
        D:5 |     264 |       0 |   0.0 |       7 |       0 |   0.0
            +---------+---------+-------+---------+---------+-------
